 Dungeon Crawl Stone Soup version 0.29.0-13-gc9e81de378 (webtiles) character file.

Game seed: 6721905806765537293

7460 purpskrrrp the Cleaver (level 10, 0/79 HPs)
             Began as a Demonspawn Wanderer on Sept 7, 2022.
             Was the Champion of Okawaru.
             Slain by a polar bear (13 damage)
             ... on level 8 of the Dungeon.
             The game lasted 00:22:19 (10397 turns).

purpskrrrp the Cleaver (Demonspawn Wanderer)       Turns: 10397, Time: 00:22:19

Health: 0/79       AC: 13    Str: 15    XL:     10   Next: 94%
Magic:  0/11       EV: 14    Int: 14    God:    Okawaru [******]
Gold:   435        SH:  0    Dex: 20    Spells: 10/11 levels left

rFire   + . .      SeeInvis .   l - +7 broad axe (flame)
rCold   . . .      Faith    +   (no shield)
rNeg    . . .      Spirit   +   o - +2 ring mail {rF+}
rPois   +          Reflect  .   (no helmet)
rElec   .          Harm     .   j - +0 cloak
rCorr   .          Rampage  .   (no gloves)
Will    +....                   (no boots)
Stlth   ++........              n - amulet of faith
HPRegen 0.23/turn               d - ring "Verchuec" {rPois Dex+6 Stlth+}
MPRegen 0.24/turn               r - ring of willpower

@: confused, ambrosia-drunk
A: claws 1, icemail 1, magic shield, magic regeneration, condensation shield
a: Renounce Religion, Heroism, Finesse, Duel


You were on level 8 of the Dungeon.
You worshipped Okawaru.
Okawaru was exalted by your worship.
You visited 1 branch of the dungeon, and saw 8 of its levels.

You collected 575 gold pieces.
You spent 140 gold pieces at shops.

Inventory:

Hand Weapons
 a - a +2 war axe
 k - a +0 eveningstar
 l - a +7 broad axe of flaming (weapon)
 q - a +0 whip of venom
Armour
 c - a +0 robe
 j - a +0 cloak (worn)
 o - a +2 ring mail of fire resistance (worn)
Jewellery
 d - the ring "Verchuec" (left claw) {rPois Dex+6 Stlth+}
   (You acquired it on level 6 of the Dungeon)

   [ring of dexterity]

   Dex:       It affects your dexterity (+6).
   rPois:     It protects you from poison.
   Stlth:     It makes you more stealthy.
 i - a ring of protection from cold
 m - a ring of fire
 n - an amulet of faith (around neck)
 r - a ring of willpower (right claw)
Wands
 e - a wand of light (18)
 y - a wand of iceblast (8)
 z - a wand of paralysis (6)
 B - a wand of flame (14)
Scrolls
 b - a scroll of noise
 h - a scroll of teleportation
 s - 2 scrolls of poison
Potions
 f - a potion of curing
 g - a potion of ambrosia
 p - 2 potions of flight
 u - a potion of lignification
 v - a potion of mutation {unknown}
 x - a potion of degeneration {unknown}


   Skills:
 + Level 7.3 Fighting
 * Level 9.9 Axes
 + Level 5.4 Armour
 + Level 6.3 Dodging
 + Level 7.0 Stealth
 - Level 1.0 Spellcasting
 - Level 1.7 Air Magic


You had 10 spell levels left.
You knew the following spells:

 Your Spells              Type           Power      Damage    Failure   Level
a - Shock                 Conj/Air       12%        1d3       34%         1

Your spell library contained the following spells:

 Spells                   Type           Power      Damage    Failure   Level
 Mephitic Cloud           Conj/Pois/Air  2%         N/A       75%         3


Dungeon Overview and Level Annotations

Branches:
Dungeon (8/15)             Temple (0/1) D:6
   Lair: D:8-11

Altars:
Ashenzari
Fedhas
Gozag
Hepliaklqana
Okawaru
Qazlal
Ru
Wu Jian
Yredelemnul

Shops:
D:1 (   D:4 ((!


Innate Abilities, Weirdness & Mutations

You have sharp fingernails.
A meltable icy envelope protects you from harm. (AC +4)
When hurt, damage is shared between your health and your magic reserves.
You regenerate magic rapidly.
A meltable shield of frost defends you. (SH +4)


Message History

The polar bear is severely wounded.
The polar bear goes berserk!
Unknown command.
You hit the polar bear. You burn the polar bear.
The polar bear is almost dead.
The polar bear bites you!
* * * LOW HITPOINT WARNING * * *
The polar bear barely misses you.
The polar bear claws you but does no damage.
The polar bear closely misses you. You block the polar bear's attack.
The polar bear claws you but does no damage.
You hit the polar bear. You burn the polar bear.
The polar bear is almost dead.
The polar bear closely misses you. The polar bear misses you.
The polar bear barely misses you.
The dream sheep ruffles its wool and motes of dream dust sparkle, to no effect.
You hit the polar bear. You burn the polar bear.
The polar bear is almost dead.
The polar bear bites you!
* * * LOW HITPOINT WARNING * * *
The polar bear misses you.
The polar bear claws you but does no damage.
The polar bear barely misses you. The polar bear claws you.
* * * LOW HITPOINT WARNING * * *
The polar bear completely misses you.
Okay, then.
Okay, then.
The black bear growls angrily.
The polar bear bites you.
* * * LOW HITPOINT WARNING * * *
The polar bear claws you but does no damage.
The polar bear closely misses you.
You feel better.
The polar bear bites you but does no damage.
The polar bear claws you but does no damage.
The polar bear barely misses you.
You are confused.
You feel invigorated. The polar bear closely misses you.
The polar bear misses you. x2; The polar bear bites you!!
You die...

#<...# ###### #....# #....#
#....# ##'### ########## #.#
#........# #.# #........#
#.######.....h..# #
#....@.#..hh.h..######
##.###h#hhlhh...##...$
#..<#h###'h'h####.#..
#...#hY..hhY....#.#..
#...#h..............(
#....................
#...############....#
#.#................<.
###########.##.##########......


You could see a polar bear (berserk), 3 black bears and a dream sheep.

Vanquished Creatures
  A death yak (D:8)
  Maurice (D:8)
  7 polar bears (D:8)
  Prince Ribbit (D:5)
  3 wyverns (D:8)
  A hog (D:8)
  2 yaks (D:8)
  An unseen horror simulacrum (D:8)
  A steam dragon (D:7)
  Edmund (D:4)
  2 water moccasins (D:7)
  2 sky beasts (D:7)
  3 black bears
  4 ice beasts
  An orc warrior (D:8)
  An ogre (D:7)
  3 centaurs
  A kobold brigand (D:8)
  3 bullfrogs
  4 necrophages (D:5)
  4 scorpions
  A wyvern zombie (D:5)
  4 killer bees (D:8)
  A howler monkey (D:5)
  2 wyvern simulacra (D:8)
  A bullfrog zombie (D:5)
  4 hounds
  4 jellies
  4 orc priests
  2 gnoll boudas (D:5)
  3 iguanas
  A scorpion zombie (D:5)
  8 orc wizards
  A centaur simulacrum (D:8)
  2 hound zombies (D:4)
  A howler monkey zombie (D:4)
  4 adders
  12 gnolls (D:5)
  2 shadow imps
  2 white imps (D:8)
  A howler monkey simulacrum (D:8)
  2 ufetubi
  An adder zombie (D:4)
  2 worms
  A dart slug (D:3)
  33 orcs
  7 ball pythons
  A bat (D:1)
  7 endoplasms
  9 giant cockroaches
  7 goblins
  7 hobgoblins
  5 jackals
  9 kobolds
  4 quokkas
  5 frilled lizards
  3 rats (D:2)
  A spectral goblin (D:6)
211 creatures vanquished.

Vanquished Creatures (others)
  6 bushes (D:5)
  13 plants (D:5)
19 creatures vanquished.

Grand Total: 230 creatures vanquished

Notes
Turn   | Place    | Note
-------+----------+-------------------------------------------
     0 | D:1      | purpskrrrp the Demonspawn Wanderer began the quest for the
                  | Orb.
     0 | D:1      | purpskrrrp set off with the following items: a +1 war axe,
                  | a potion of curing, a +0 robe; and the following spell
                  | memorised: Shock; and the following spells available to
                  | memorise: Mephitic Cloud.
     0 | D:1      | Reached XP level 1. HP: 16/16 MP: 2/2
   576 | D:1      | Gained mutation: A meltable shield of frost defends you.
                  | (SH +4) [demonic ancestry]
   576 | D:1      | Reached XP level 2. HP: 22/22 MP: 3/3
   621 | D:1      | You fall into a shaft and drop 1 floor!
  1062 | D:1      | Found Tuogokky's Antique Weapon Emporium.
  1207 | D:2      | Found a faded altar of an unknown god.
  1337 | D:2      | Reached skill level 4 in Axes
  1451 | D:2      | Gained mutation: You regenerate magic rapidly. [demonic
                  | ancestry]
  1451 | D:2      | Reached XP level 3. HP: 23/28 MP: 4/4
  1626 | D:2      | Reached skill level 1 in Dodging
  2207 | D:3      | Found an iron altar of Okawaru.
  2251 | D:3      | Became a worshipper of Warmaster Okawaru
  3448 | D:4      | Found Jics's Weapon Emporium.
  3458 | D:4      | Gained mutation: A meltable icy envelope protects you from
                  | harm. (AC +4) [demonic ancestry]
  3458 | D:4      | Reached XP level 4. HP: 27/34 MP: 5/5
  3804 | D:4      | Reached XP level 5. HP: 21/40 MP: 3/6
  4077 | D:1      | Bought a runed broad axe for 140 gold pieces
  4185 | D:4      | Reached * piety under Okawaru
  4427 | D:4      | Found a basalt altar of Yredelemnul.
  4429 | D:4      | Noticed Edmund
  4443 | D:4      | HP: 2/41 [Edmund/+0 flail of venom (7)]
  4449 | D:4      | Killed Edmund
  4450 | D:4      | Reached skill level 5 in Axes
  4450 | D:4      | Reached XP level 6. HP: 16/47 MP: 7/7
  4828 | D:4      | Found Arraigoe's Distillery.
  4992 | D:4      | Found Kocyif's Antique Weapon Shop.
  5215 | D:5      | Entered Level 5 of the Dungeon
  5224 | D:5      | Reached ** piety under Okawaru
  5225 | D:5      | Reached XP level 7. HP: 47/53 MP: 8/8
  5593 | D:5      | Reached skill level 1 in Armour
  5609 | D:5      | Reached skill level 6 in Axes
  5680 | D:5      | Found a sacrificial altar of Ru.
  5692 | D:5      | Noticed Prince Ribbit
  5707 | D:5      | Killed Prince Ribbit
  5876 | D:5      | Gained mutation: When hurt, damage is shared between your
                  | health and your magic reserves. [demonic ancestry]
  5876 | D:5      | Reached XP level 8. HP: 44/61 MP: 9/9
  6352 | D:5      | Found a blossoming altar of Fedhas.
  6494 | D:5      | Found an opulent altar of Gozag.
  6837 | D:5      | Reached *** piety under Okawaru
  6847 | D:5      | Reached skill level 7 in Axes
  7115 | D:6      | Identified a scroll of acquirement
  7118 | D:6      | Acquired the ring "Verchuec" {rPois Dex+6 Stlth+}
  7154 | D:6      | Reached skill level 5 in Fighting
  7451 | D:6      | Found a staircase to the Ecumenical Temple.
  7617 | D:6      | Found a hazy altar of Hepliaklqana.
  7643 | D:6      | Reached **** piety under Okawaru
  7644 | D:6      | Reached skill level 5 in Stealth
  7644 | D:6      | Gained mutation: You have sharp fingernails. [demonic
                  | ancestry]
  7644 | D:6      | Reached XP level 9. HP: 68/68 MP: 10/10
  7915 | D:7      | Found a broken altar of Ashenzari.
  8380 | D:7      | Found an ornate altar of the Wu Jian Council.
  8412 | D:7      | Reached skill level 8 in Axes
  8599 | D:7      | Reached skill level 5 in Dodging
  8923 | D:8      | Reached ***** piety under Okawaru
  8951 | D:8      | Noticed a polar bear
  8952 | D:8      | Noticed a polar bear
  8958 | D:8      | Killed a polar bear
  8961 | D:8      | Killed a polar bear
  8982 | D:8      | Noticed a death yak
  8997 | D:8      | Noticed Maurice
  9005 | D:8      | Noticed a polar bear
  9007 | D:8      | Killed a death yak
  9008 | D:8      | Reached XP level 10. HP: 25/77 MP: 4/11
  9291 | D:8      | Found a stormy altar of Qazlal.
  9308 | D:8      | Reached skill level 9 in Axes
  9909 | D:8      | Found a huge runed translucent gate.
  9913 | D:8      | Found a huge runed translucent gate.
  9913 | D:8      | Found a huge runed translucent gate.
  9913 | D:8      | Found a huge runed translucent gate.
 10003 | D:8      | Killed Maurice
 10004 | D:8      | Reached skill level 5 in Armour
 10149 | D:8      | Reached ****** piety under Okawaru
 10382 | D:8      | Identified the +6 battleaxe of Caasuen {freeze, Str+2}
                  | (Okawaru gifted it to you on level 8 of the Dungeon)
 10382 | D:8      | Received a gift from Okawaru
 10397 | D:8      | Slain by a polar bear

Illustrated notes

Levels and vault maps discovered:
D:1:      psy_arrival_wood_between_worlds, layout_loops_ring, serial_shops,
          nicolae_shop_trees, minmay_tromino_v2
D:2:      layout_rooms, shapermc_ecumenical_altar_starsandcircs,
          minmay_close_crescents
D:3:      layout_basic, okawaru_metal_pillars_1_2
D:4:      layout_rooms, zin_scriptorium, nicolae_yredelemnul_corpse_copse,
          serial_shops, shop_fountains, shop, nicolae_stop_n_shop_2,
          minmay_diced_spiral, uniq_edmund
D:5:      layout_basic, grunt_gozag_breadcrumbs, fedhas_altar_decomposition,
          mainiacjoe_overflow_cross_hatched, uniq_prince_ribbit1
D:6:      layout_gridville, nicolae_overflow_crystal_walls,
          nicolae_hepliaklqana_monster_ancestors,
          minmay_temple_entry_from_below_a
D:7:      layout_basic, lemuel_doored_altar, mainiacjoe_overflow_tiny_flanked,
          kennysheep_small_square
D:8:      lemuel_bear_cage, layout_basic, nicolae_qazlal_scattered_showers,
          serial_ice, serial_ice_g, serial_ice_l, serial_ice_o, serial_ice_a,
          serial_ice_h, serial_ice_d, uniq_maurice

Skill      XL: |  1  2  3  4  5  6  7  8  9 10 |
---------------+-------------------------------+-----
Axes           | 4 5 6 7 8 9 |  9.9
Dodging        | 1 2 3 4 5 6 |  6.3
Stealth        | 2 3 4 5 6 7 |  7.0
Fighting       | 3 4 5 6 7 |  7.3
Armour         | 1 3 4 5 |  5.4
Spellcasting   | |  1.0
Air Magic      | |  1.7

Action                   |  1- 3 |  4- 6 |  7- 9 | 10-12 || total
-------------------------+-------+-------+-------+-------++-------
Melee: War axe           |   130 |    25 |       |       ||   155
       Punch             |     1 |     2 |     4 |     4 ||    11
       Broad axe         |       |    72 |   209 |   134 ||   415
 Cast: Shock             |     4 |     3 |       |       ||     7
Invok: Heroism           |       |       |     1 |     1 ||     2
  Use: Scroll            |     1 |     6 |     8 |     4 ||    19
       Potion            |       |     5 |     4 |     3 ||    12
 Stab: Sleeping          |     5 |     2 |    14 |     4 ||    25
       Invisible         |       |       |     4 |     1 ||     5
       Distracted        |       |       |     2 |       ||     2
Armor: Robe              |    22 |    41 |       |       ||    63
       Ring mail         |       |     7 |    81 |    69 ||   157
Dodge: Dodged            |    78 |    63 |   149 |   120 ||   410
Block: Other             |    17 |    21 |    43 |    36 ||   117
